 Dungeon Crawl Stone Soup version 0.23-b1-67-g8bd44de (webtiles) character file.

Game seed: 12988381678354803982

32 Folque the Magician (level 3, 0/24 HPs)
             Began as an Octopode Wizard on Feb 5, 2019.
             Succumbed to an adder's poison
             ... on level 2 of the Dungeon.
             The game lasted 00:02:23 (595 turns).

Folque the Magician (Octopode Wizard)                Turns: 595, Time: 00:02:23

Health: 0/24       AC:  1    Str:  6    XL:     3   Next: 27%
Magic:  1/7        EV: 13    Int: 21    God:
Gold:   10         SH:  0    Dex: 10    Spells: 0/8 levels left

rFire    . . .     SeeInvis .   g - +0 spear (curse)
rCold    . . .     Gourm    .   (no shield)
rNeg     . . .     Faith    .   a - +0 hat
rPois    .         Spirit   .   (no amulet)
rElec    .         Reflect  .   (no ring)
rCorr    .         Harm     .   (no ring)
MR       .....                  (no ring)
Stlth    +++.......             (no ring)
HPRegen  0.08/turn              (no ring)
MPRegen  0.10/turn              (no ring)
                                (no ring)
                                (no ring)

@: lethally poisoned (0 -> -4), flying, hasted, very quick
A: almost no armour, stealthy swim, amphibious, 8 rings, constrict 8, camouflage
1, gelatinous body 1
a: no special abilities


You were on level 2 of the Dungeon.
You were not hungry.

You visited 1 branch of the dungeon, and saw 2 of its levels.

You collected 10 gold pieces.

Inventory:

Hand Weapons
 f - a cursed +0 short sword
 g - a cursed +0 spear (weapon)
Armour
 a - a +0 hat (worn)
Scrolls
 b - a scroll of enchant armour {unknown}
Potions
 h - a potion of invisibility
Comestibles
 c - 2 rations


   Skills:
 + Level 2.0 Fighting
 - Level 2.0 Dodging
 - Level 2.6 Stealth
 + Level 3.3 Spellcasting
 - Level 1.0 Conjurations
 - Level 1.0 Summonings
 - Level 1.0 Translocations
 * Level 0.6 Poison Magic


You couldn't memorise any spells.
You knew the following spells:

 Your Spells              Type           Power        Failure   Level  Hunger
a - Magic Dart            Conj           #...         9%          1    None
b - Call Imp              Summ           #.......     13%         2    ##.....
c - Blink                 Tloc           N/A          13%         2    ##.....
d - Mephitic Cloud        Conj/Pois/Air  #.......     30%         3    ###....

Your spell library contained the following spells:

 Spells                   Type           Power        Failure   Level  Hunger
 Slow                     Hex            #.......     19%         2    ##.....
 Conjure Flame            Conj/Fire      #.......     30%         3    ###....


Dungeon Overview and Level Annotations

Branches:
Dungeon (1/15)

Altars:


Innate Abilities, Weirdness & Mutations

You cannot wear most types of armour.
You are very stealthy in the water. (Stealth+)
You are amphibious.
You can wear up to eight rings at the same time.
You can use your tentacles to constrict eight enemies at once.
Your skin changes colour to match your surroundings (Stealth+).
Your rubbery body absorbs attacks. (AC +1, EV +1)


Message History

The adder bites you.
* * * LOW HITPOINT WARNING * * *
You are lethally poisoned!
The adder poisons you! The adder bites you.
* * * LOW HITPOINT WARNING * * *
Your crimson imp misses the adder.
It was a potion of haste.
You feel yourself speed up.
* * * LOW HITPOINT WARNING * * *
You feel sick. The adder misses you.
Your crimson imp blinks!
Your crimson imp hits the adder.
It was a potion of flight.
You feel very buoyant.
You fly up into the air.
The adder barely misses your crimson imp.
You closely miss the adder. Your grab misses the adder.
The adder is almost dead.
Your crimson imp hits the adder.
The adder dies!
You die...

#.....# #.....#
############## #.....#
#............. #.....#
#...........?. #.....#
#.............
#.....###...?5........
#.......+.............
###...).###....5........
)..(....##......@.......
..........(.............
.....#..##..............
.....#..##...........<..
.....#..##..............
.............####.....##
#####.#>##.### .....#
#.#.#..# .....# #... .#


You could see 2 friendly crimson imps.

Vanquished Creatures
  An adder (D:2)
  An ooze (D:2)
  A dart slug (D:2)
  A leopard gecko (D:1)
  2 hobgoblins
  A jackal (D:1)
  A quokka (D:2)
  A frilled lizard (D:1)
  A goblin (D:2)
  A kobold (D:1)
11 creatures vanquished.

Vanquished Creatures (collateral kills)
  An adder (D:2)
  A kobold (D:2)
2 creatures vanquished.

Grand Total: 13 creatures vanquished

Notes
Turn   | Place    | Note
-------+----------+-------------------------------------------
     0 | D:1      | Folque the Octopode Wizard began the quest for the Orb.
     0 | D:1      | Reached XP level 1. HP: 11/11 MP: 4/4
   145 | D:1      | Reached skill level 1 in Fighting
   238 | D:1      | You fall through a shaft!
   244 | D:2      | Reached XP level 2. HP: 15/18 MP: 6/6
   411 | D:2      | Learned a level 2 spell: Call Imp
   414 | D:2      | Learned a level 2 spell: Blink
   560 | D:2      | Reached XP level 3. HP: 13/24 MP: 2/7
   567 | D:2      | Learned a level 3 spell: Mephitic Cloud
   592 | D:2      | HP: 1/24 [poisoned by an adder]
   595 | D:2      | Succumbed to an adder's poison

Skill      XL: |  1  2  3 |
---------------+----------+-----
Fighting       | 1 2 |  2.0
Dodging        | |  2.0
Stealth        | |  2.6
Spellcasting   | |  3.3
Conjurations   | |  1.0
Summonings     | |  1.0
Translocations | |  1.0
Poison Magic   | |  0.6

Action                   || total
-------------------------++-------
Melee: Unarmed           ||     9
       Spear             ||    25
       Constrict         ||     8
       Tentacles         ||     5
 Cast: Magic Dart        ||     9
       Call Imp          ||     4
  Use: Potion            ||     4
 Stab: Sleeping          ||     3
Armor: Skin              ||     2
Dodge: Dodged            ||    19
